 Dungeon Crawl Stone Soup version 0.29-a0-338-g1ff7896281 (webtiles) character file.

Game seed: 10818041254493422217

1710 Essalna the Destroyer (level 9, -3/45 HPs)
             Began as a Gargoyle Conjurer on Apr 18, 2022.
             Was an Initiate of Hepliaklqana.
             Slain by an orc
             ... wielding the +11 spear of the Morning {vorpal, rF+ Int-4 Stlth+}
              (4 damage)
             ... on level 6 of the Dungeon.
             The game lasted 00:11:11 (7079 turns).

Essalna the Destroyer (Gargoyle Conjurer)           Turns: 7079, Time: 00:11:12

Health: -3/45      AC: 10    Str: 10    XL:     9   Next: 3%
Magic:  2/28       EV: 11    Int: 24    God:    Hepliaklqana [......]
Gold:   301        SH:  0    Dex:  8    Spells: 14/21 levels left

rFire   + . .      SeeInvis .   u - +4 mace of Kismet {flame, rPois MP+9 Stlth+}
rCold   x . .      Faith    .   (no shield)
rNeg    + . .      Spirit   .   a - +0 robe
rPois   ∞          Reflect  .   y - +0 helmet
rElec   +          Harm     .   (no cloak)
rCorr   .          Rampage  .   (no gloves)
Will    .....                   i - +0 pair of boots
Stlth   +++.......              (no amulet)
HPRegen 0.15/turn               v - ring of fire
MPRegen 0.21/turn               (no ring)

@: very slightly contaminated
A: sickness immunity, AC +6, negative energy resistance 1, electricity
resistance, torment resistance 1, petrification resistance
a: Renounce Religion


You were on level 6 of the Dungeon.
You worshipped Hepliaklqana.
Hepliaklqana was noncommittal.
You visited 2 branches of the dungeon, and saw 7 of its levels.

You collected 301 gold pieces.

Inventory:

Hand Weapons
 c - a +0 short sword of draining
 l - a +4 dagger
 u - the +4 mace of Kismet (weapon) {flame, rPois MP+9 Stlth+}
   (You found it on level 3 of the Dungeon)

   It burns those it strikes, dealing additional fire damage.
   rPois:     It protects you from poison.
   MP:        It affects your magic capacity (+9).
   Stlth:     It makes you more stealthy.
Missiles
 C - 3 throwing nets
Armour
 a - a +0 robe (worn)
 i - a +0 pair of boots (worn)
 y - a +0 helmet (worn)
Jewellery
 v - a ring of fire (left hand)
Wands
 t - a wand of iceblast (10)
 x - a wand of polymorph (8)
Scrolls
 f - 5 scrolls of teleportation {unknown}
 j - 2 scrolls of vulnerability {unknown}
 k - 2 scrolls of amnesia {unknown}
 m - 8 scrolls of identify {unknown}
 n - 2 scrolls of enchant armour {unknown}
 p - a scroll of torment {unknown}
 r - 2 scrolls of noise {unknown}
 w - a scroll of magic mapping {unknown}
 A - a scroll of blinking {unknown}
 D - a scroll of immolation {unknown}
Potions
 b - a potion of magic
 d - a potion of cancellation {unknown}
 e - 2 potions of degeneration {unknown}
 g - a potion of invisibility {unknown}
 h - 3 potions of curing
 o - a potion of berserk rage {unknown}
 q - a potion of heal wounds {unknown}
 s - a potion of ambrosia {unknown}
 z - 2 potions of attraction {unknown}
 B - a potion of lignification {unknown}


   Skills:
 - Level 1.5 Dodging
 - Level 2.1 Stealth
 + Level 6.7 Spellcasting
 + Level 8.9 Conjurations
 + Level 4.5 Translocations


You had 14 spell levels left.
You knew the following spells:

 Your Spells              Type           Power      Damage    Failure   Level
a - Magic Dart            Conj           100%       1d8       1%          1
b - Searing Ray           Conj           100%       2d8       1%          2
c - Iskenderun's Mystic   Conj/Tloc      40%        2d9       4%          4

Your spell library contained the following spells:

 Spells                   Type           Power      Damage    Failure   Level
 Apportation              Tloc           60%        N/A       1%          1
 Shock                    Conj/Air       100%       1d9       1%          1
 Dazzling Flash           Conj/Hex       58%        N/A       3%          3
 Gell's Gravitas          Tloc           30%        N/A       3%          3
 Lesser Beckoning         Tloc           30%        N/A       3%          3
 Teleport Other           Tloc           30%        N/A       3%          3
 Beastly Appendage        Tmut           16%        N/A       8%          1
 Summon Small Mammal      Summ           32%        N/A       8%          1
 Wereblood                Tmut           8%         N/A       11%         2
 Fulminant Prism          Conj/Hex       14%        3d9       12%         4
 Call Canine Familiar     Summ           8%         N/A       22%         3
 Spider Form              Tmut/Pois      8%         N/A       22%         3
 Summon Guardian Golem    Hex/Summ       8%         N/A       22%         3
 Swiftness                Air            8%         N/A       22%         3
 Airstrike                Air            4%         N/A       58%         4
 Summon Lightning Spire   Summ/Air       8%         N/A       58%         4
 Alistair's Intoxication  Tmut/Pois      5%         N/A       90%         5


Dungeon Overview and Level Annotations

Branches:
Dungeon (6/15)             Temple (1/1) D:6

Altars:
Ashenzari
Dithmenos
Elyvilon
Fedhas
Gozag
Hepliaklqana
Kikubaaqudgha
Nemelex Xobeh
Okawaru
Qazlal
Ru
Sif Muna
Uskayaw
Vehumet
Wu Jian
Yredelemnul
Zin
The Shining One

Shops:
D:1 :   D:3 :?(?(

Annotations:
D:2 1 runed translucent door, Crazy Yiuf


Innate Abilities, Weirdness & Mutations

You are immune to sickness and miasma.
Your stone body is resilient. (AC +6)
You are immune to poison.
You resist negative energy. (rN+)
You are resistant to electric shocks. (rElec)
You are resistant to unholy torment.
You are immune to petrification.


Message History

The orc warrior is almost dead.
The orc warrior hits you with a +0 hand axe.
A puff of flame appears from out of thin air!
The puff of flame hits you. You resist.
Casting: Magic Dart (safe; 1% risk of failure)
Confirm with . or Enter, or press ? or * to list all spells.
Aiming: Magic Dart (safe; 1% risk of failure)
Press: ? - help, Shift-Dir - straight line, f/p - orc warrior
Aim: an orc warrior, wielding a +0 hand axe and wearing a +0 chain mail (almost dead, 100% to hit)
The magic dart hits the orc warrior.
The orc warrior is almost dead.
The orc warrior hits you with a +0 hand axe.
The orc hits you from afar with the +11 spear of the Morning {vorpal, rF+ Int-4 Stlth+}.
Casting: Magic Dart (safe; 1% risk of failure)
Confirm with . or Enter, or press ? or * to list all spells.
You don't have enough magic to cast this spell.
Unknown command.
A white imp comes into view.
You hear a zap.
You hear a grinding noise.
The white imp moves out of view.
You hit the orc warrior but do no damage.
The orc warrior is almost dead.
The orc warrior hits you with a +0 hand axe!
The orc barely misses you.
You hit the orc warrior. You burn the orc warrior.
The orc warrior is almost dead.
The orc warrior hits you with a +0 hand axe!
The white imp gestures at you. The puff of frost hits you.
You feel a terrible chill!
* * * LOW HITPOINT WARNING * * *
The orc barely misses you.
The orc warrior hits you with a +0 hand axe.
* * * LOW HITPOINT WARNING * * *
There is an open door here.
Items here: $ ( )) †.
There are monsters nearby!
You feel better.
The orc hits you from afar with the +11 spear of the Morning {vorpal, rF+ Int-4 Stlth+}!
* * * LOW HITPOINT WARNING * * *
You die...

##.#)).#P##...#...#
......... ##.## #...##..#
#........ #P)P####......#
####........
##.###......#####.#...(.....
#.)....##...........†......
######.###.#....#.)......#.
...##..5#####.......#
....#.o.## #.####>.#
.....###@# ..# ..#
#...###.†...# #..# ..#
#..##..o.#.)..##.. ##
#..#....( !....#.. #...##
##...##. #.... ....#.# #...
...# #... ...#


You could see an orc warrior, a white imp and an orc.

Vanquished Creatures
  A steam dragon (D:6)
  An ice beast (D:6)
  Pargi (D:3)
  2 sky beasts
  An ogre (D:4)
  A phantom (D:3)
  A gnoll sergeant (D:5)
  5 scorpions
  A necrophage (D:4)
  A howler monkey (D:6)
  A hound (D:4)
  A gnoll shaman (D:5)
  Jessica (D:2)
  4 iguanas
  2 orc wizards
  Robin (D:4)
  8 adders
  15 gnolls
  A white imp (D:6)
  A worm (D:3)
  3 dart slugs
  13 orcs
  9 bats
  4 endoplasms
  6 giant cockroaches
  15 goblins
  11 hobgoblins
  6 jackals
  3 quokkas
  11 ball pythons
  A frilled lizard (D:1)
  6 kobolds
  3 rats
141 creatures vanquished.

Vanquished Creatures (others)
  4 plants (D:6)
4 creatures vanquished.

Grand Total: 145 creatures vanquished

Notes
Turn   | Place    | Note
-------+----------+-------------------------------------------
     0 | D:1      | Essalna the Gargoyle Conjurer began the quest for the Orb.
     0 | D:1      | Reached XP level 1. HP: 10/10 MP: 3/3
   190 | D:1      | Reached XP level 2. HP: 14/15 MP: 3/5
   603 | D:1      | Reached XP level 3. HP: 19/19 MP: 4/6
   814 | D:1      | Reached skill level 5 in Conjurations
   947 | D:1      | Found a faded altar of an unknown god.
   955 | D:1      | Got Plato's Guide on Weightlessness
  1230 | D:1      | Found Ufigh's Book Boutique.
  1881 | D:2      | Found a runed translucent door.
  1882 | D:2      | Noticed Crazy Yiuf
  1929 | D:2      | Learned a level 2 spell: Searing Ray
  1981 | D:2      | Noticed Jessica
  1983 | D:2      | Reached XP level 4. HP: 24/24 MP: 3/8
  2069 | D:2      | Killed Jessica
  2866 | D:3      | Reached XP level 5. HP: 28/28 MP: 5/10
  2981 | D:3      | Found Peyja's Magic Scroll Shop.
  3016 | D:3      | Found Cithrer's Book Boutique.
  3027 | D:3      | Found Cyfo's Weapon Boutique.
  3157 | D:3      | Found Quxzixem's Weapon Boutique.
  3185 | D:3      | Identified the +4 mace of Kismet {flame, rPois MP+9 Stlth+}
  3314 | D:3      | Reached skill level 6 in Conjurations
  3444 | D:3      | Noticed Pargi
  3478 | D:3      | Noticed a phantom
  3486 | D:3      | Killed a phantom
  3487 | D:3      | Reached XP level 6. HP: 29/32 MP: 6/12
  3578 | D:3      | Got the Incunabulum of Companions
  3621 | D:3      | Found a stormy altar of Qazlal.
  3685 | D:3      | Killed Pargi
  3742 | D:3      | Found Uphirch's Magic Scroll Boutique.
  3918 | D:4      | Learned a level 4 spell: Iskenderun's Mystic Blast
  3925 | D:4      | Found an iron altar of Okawaru.
  3966 | D:4      | Noticed a sky beast
  3979 | D:4      | Killed a sky beast
  3980 | D:4      | Reached skill level 1 in Translocations
  3980 | D:4      | Reached XP level 7. HP: 32/36 MP: 14/14
  4072 | D:4      | Reached skill level 7 in Conjurations
  4295 | D:4      | Reached skill level 5 in Spellcasting
  4582 | D:4      | Noticed Robin
  4586 | D:4      | Killed Robin
  5354 | D:5      | Entered Level 5 of the Dungeon
  5493 | D:5      | Reached XP level 8. HP: 24/41 MP: 16/16
  5784 | D:5      | Found a radiant altar of Vehumet.
  6081 | D:5      | Reached skill level 8 in Conjurations
  6628 | D:5      | You fall into a shaft and drop 1 floor!
  6708 | D:6      | Found a staircase to the Ecumenical Temple.
  6730 | Temple   | Entered the Ecumenical Temple
  6737 | Temple   | Became a worshipper of Hepliaklqana the Forgotten
  6973 | D:6      | Reached XP level 9. HP: 44/45 MP: 15/18
  7068 | D:6      | Identified the +11 spear of the Morning {vorpal, rF+ Int-4
                  | Stlth+}
  7079 | D:6      | HP: 1/45 [orc/the +11 spear of the Morning {vorpal, rF+
                  | Int-4 Stlth+} (14)]
  7079 | D:6      | Slain by an orc

Illustrated notes

Levels and vault maps discovered:
D:1:      wheals_arrival_linesprint, layout_basic, serial_shops, shop,
          shapermc_ecumenical_altar_rom_forum, minmay_misc_feat_square
D:2:      layout_loops_ring, uniq_crazy_yiuf_cottage, uniq_jessica
D:3:      layout_rooms, mainiacjoe_overflow_concentric_impassable, serial_shops,
          nicolae_shop_advertising_works [nicolae_subvault_shop_adworks],
          nicolae_shop_temple_entry_statues_fountains, shop_scrolls, shop,
          shop_fountains, dreamdust_wishing_well, minmay_circle_x, uniq_pargi
D:4:      layout_loops_ring, mainiacjoe_overflow_tiny_flanked,
          nicolae_concentric_dashed_squares_mild, uniq_robin
D:5:      layout_loops_corners, fiery_altar_vehumet
D:6:      layout_cave_pools, chequers_temple_overflow_minitemple,
          minmay_temple_entry_gardened_gates, gammafunk_ghost_nasty_kobolds,
          grunt_potential
Temple:   minmay_freezing_vapour_temple

Skill      XL: |  1  2  3  4  5  6  7  8 |
---------------+-------------------------+-----
Conjurations   | 5 6 7 8 |  8.9
Spellcasting   | 3 4 5 6 |  6.7
Translocations | 1 2 4 |  4.5
Dodging        | |  1.5
Stealth        | |  2.1

Action                   |  1- 3 |  4- 6 |  7- 9 || total
-------------------------+-------+-------+-------++-------
Melee: Short sword       |    14 |       |       ||    14
       Unarmed           |     2 |       |       ||     2
       Mace              |       |    15 |    15 ||    30
 Cast: Magic Dart        |    64 |    63 |   151 ||   278
       Searing Ray       |       |     7 |    23 ||    30
       Iskenderun's Myst |       |       |     4 ||     4
  Use: Potion            |       |       |     1 ||     1
 Stab: Sleeping          |       |       |     1 ||     1
Armor: Robe              |    11 |    24 |    27 ||    62
Dodge: Dodged            |    10 |    15 |    37 ||    62

Table legend: (Time is in decaauts)
 A = Elapsed time spent in this place.
 B = Non-inter-level travel time spent in this place.
 C = Inter-level travel time spent in this place.
 D = Time resting spent in this place.
 E = Time spent auto-exploring this place.
 F = Levels seen in this place.
 G = Mean time per level.
                   A        B        C        D        E       F      G
               +--------+--------+--------+--------+--------+-----+--------+
         Total |   7098 |   6894 |    204 |    118 |   5922 |   7 | 1014.0 |
       Dungeon |   7029 |   6829 |    200 |     64 |   5922 |   6 | 1171.5 |
        Temple |     69 |     65 |      4 |     54 |      0 |   1 |   69.0 |
               +--------+--------+--------+--------+--------+-----+--------+

Top non-repeatable levels by time:
     D:1: 1805 daAuts
     D:4: 1396 daAuts
     D:5: 1273 daAuts
     D:3: 1093 daAuts
     D:2: 1077 daAuts
     D:6: 383 daAuts
  Temple: 69 daAuts
